 Dungeon Crawl Stone Soup version 0.17.1-1-g73c8601 (webtiles) character file.

1300 zercules the Shield-Bearer (level 8, -10/49 HPs)
             Began as a Gargoyle Fighter on Feb 19, 2016.
             Killed from afar by HateBoner's ghost (21 damage)
             ... with a fireball
             ... on level 6 of the Dungeon.
             The game lasted 00:12:07 (3524 turns).

zercules the Shield-Bearer (Gargoyle Fighter)       Turns: 3524, Time: 00:12:07

Health: -10/49     AC:  4    Str: 19 (20) XL:     8   Next: 57%
Magic:  8/8        EV:  9    Int:  7      God:    Xom [.*....]
Gold:   246        SH: 10    Dex:  9      Spells: 0 memorised, 7 levels left

rFire  . . .     SeeInvis .     y - +1 whip (freeze)
rCold  . . .     Clarity  .     b - +0 scale mail
rNeg   + . .     SustAt   .     c - +0 shield
rPois  ∞         Gourm    .     (no helmet)
rElec  +         Spirit   .     (no cloak)
rCorr  .         Warding  .     (no gloves)
rMut   .         Stasis   .     (no boots)
MR     .....                    (no amulet)
Stlth  ..........               (no ring)
                                (no ring)

@: corroded equipment, not resistant to hostile enchantments, extremely
unstealthy
A: deterioration 1, dopey 2, negative energy resistance 1, electricity
resistance, unbreathing, petrification resistance, rot immunity, AC +5
a: Renounce Religion


You were on level 6 of the Dungeon.
You worshipped Xom.
You were a plaything of Xom.
You were hungry.

You visited 1 branch of the dungeon, and saw 6 of its levels.

You collected 246 gold pieces.

Inventory:

Hand Weapons
 a - a +0 flail
 y - a +1 whip of freezing (weapon)
Armour
 b - a +0 scale mail (worn)
 c - a +0 shield (worn)
Wands
 u - a wand of cold (9)
Scrolls
 h - a scroll of amnesia {unknown}
 i - a scroll of magic mapping {unknown}
 l - 4 scrolls of recharging {unknown}
 m - 2 scrolls of fear
 n - 3 scrolls of remove curse {unknown}
 q - 5 scrolls of teleportation {unknown}
 s - 2 scrolls of identify {unknown}
 v - 2 scrolls of noise {unknown}
 x - a scroll of enchant armour {unknown}
Potions
 d - 2 potions of might
 f - a potion of haste {unknown}
 g - a potion of degeneration {unknown}
 j - 5 potions of curing {unknown}
 k - a potion of flight {unknown}
 o - a potion of magic {unknown}
 p - a potion of ambrosia {unknown}
 r - 2 potions of resistance {unknown}
 t - a potion of mutation {unknown}
 w - 2 potions of heal wounds {unknown}
 z - 2 potions of brilliance {unknown}
 A - a potion of cancellation {unknown}
Comestibles
 e - 4 bread rations


   Skills:
 + Level 5.2 Fighting
 + Level 4.9 Maces & Flails
 + Level 5.5 Armour
 + Level 3.7 Dodging
 + Level 0.5 Stealth
 + Level 6.5 Shields


You had 7 spell levels left.
You didn't know any spells.

Dungeon Overview and Level Annotations

Branches:
Dungeon (6/15)             Temple (0/1) D:5

Altars:
Gozag
Okawaru
Xom

Shops:
D:6 :

Annotations:
D:6 HateBoner's ghost, novice DEFE


Innate Abilities, Weirdness & Mutations

You are resistant to torment.
Your stone body is resilient (AC +5).
You are immune to poison.
You resist negative energy.
You are resistant to electric shocks.
You can survive without breathing.
You are immune to petrification.
You are immune to rotting.
Your body sometimes deteriorates upon taking damage.
You are very dopey. (Int -4)


Message History

You hit the jelly but do no damage.
Your hands burn!
The jelly is heavily wounded.
The jelly hits you but does no damage.
You hit the jelly but do no damage.
Your hands burn!
The jelly is heavily wounded.
You are feeling hungry.
You block the jelly's attack.
You hit the hound skeleton. You block the hound skeleton's attack.
The jelly hits you.
You are splashed with acid!
The acid burns!
* * * LOW HITPOINT WARNING * * *
Read which item? (? for menu, Esc to quit)
As you read the scroll of fear, it crumbles to dust.
You assume a fearsome visage.
The hound skeleton is unaffected.
The jelly looks frightened!
HateBoner's ghost is unaffected.
You block the hound skeleton's attack.
You hit the hound skeleton. You block the hound skeleton's attack.
HateBoner's ghost casts a spell at you.
The fireball explodes!
The fireball engulfs you!
You die...
Xom cackles wildly!

................###.#
###.................#
#..............####
##+###....####.#
#.Z..# #.# #....# #.#
#....# #.#
#....####Z#
###....W.@# #....J###
#..... #..... #....W
#..... #..... ###
#..... .... ....


You could see a jelly (fleeing), HateBoner's ghost and a hound skeleton.

Vanquished Creatures
  Pikel (D:5)
  An ogre (D:4)
  A giant frog (D:6)
  A scorpion (D:6)
  2 giant frog zombies
  A centaur skeleton (D:5)
  2 iguanas
  5 worker ants
  An orc priest (D:5)
  An orc wizard (D:4)
  A hound (D:4)
  A hound skeleton (D:4)
  5 adders
  4 worms
  3 fire bats (D:5)
  3 giant geckos
  13 orcs
  2 spectral bats (D:5)
  15 bats
  3 bat skeletons (D:5)
  A bat zombie (D:5)
  6 giant cockroaches
  10 goblins
  9 hobgoblins
  8 jackals
  3 quokkas
  A bat simulacrum (D:5)
  3 giant newts
  4 kobolds
  7 rats
118 creatures vanquished.

Vanquished Creatures (collateral kills)
  An orc wizard (D:4)
  An ooze (D:4)
  5 orcs (D:4)
7 creatures vanquished.

Vanquished Creatures (others)
  A vampire bat (D:5)
  A hound (D:5)
2 creatures vanquished.

Grand Total: 127 creatures vanquished

Notes
Turn   | Place    | Note
--------------------------------------------------------------
     0 | D:1      | zercules the Gargoyle Fighter began the quest for the Orb.
     0 | D:1      | Reached XP level 1. HP: 14/14 MP: 1/1
    46 | D:1      | Reached XP level 2. HP: 14/19 MP: 2/2
   383 | D:1      | Reached XP level 3. HP: 22/24 MP: 3/3
   611 | D:2      | Reached skill level 4 in Armour
   718 | D:2      | Found a faded altar to an unknown god.
   736 | D:2      | Became a worshipper of Xom of Chaos
   775 | D:2      | Reached skill level 1 in Dodging
   775 | D:2      | Reached XP level 4. HP: 26/29 MP: 4/4
   868 | D:2      | Found an iron altar of Okawaru.
   877 | D:2      | XOM: harmless Tloc miscast
  1047 | D:2      | XOM: silly message
  1112 | D:3      | Found an opulent altar of Gozag.
  1671 | D:4      | XOM: colour smoke trail
  1719 | D:4      | Reached XP level 5. HP: 17/33 MP: 5/5
  1966 | D:4      | XOM: colour smoke trail
  2029 | D:4      | XOM: divination: detect creatures
  2062 | D:4      | XOM: blink monster(s)
  2084 | D:4      | Reached XP level 6. HP: 36/38 MP: 6/6
  2101 | D:4      | XOM: divination: detect creatures
  2226 | D:4      | XOM is BORED!
  2226 | D:4      | XOM: mild Summ miscast
  2227 | D:4      | Noticed a spatial vortex
  2410 | D:4      | Noticed an ogre
  2412 | D:4      | XOM: enchant monster (bad)
  2422 | D:4      | Killed an ogre
  2435 | D:4      | XOM: divination: detect creatures
  2553 | D:4      | XOM: enchant monster (bad)
  2742 | D:5      | Entered Level 5 of the Dungeon
  2742 | D:5      | Noticed Pikel
  2749 | D:5      | XOM: confuse monster(s)
  2758 | D:5      | XOM: confuse monster(s)
  2784 | D:5      | Reached XP level 7. HP: 43/43 MP: 7/7
  2828 | D:5      | XOM: confuse monster(s)
  2831 | D:5      | Killed Pikel
  2831 | D:5      | Reached skill level 5 in Armour
  2831 | D:5      | Reached skill level 5 in Shields
  2831 | D:5      | Reached XP level 8. HP: 46/48 MP: 8/8
  2917 | D:5      | Found a staircase to the Ecumenical Temple.
  2982 | D:5      | Reached skill level 6 in Shields
  3103 | D:5      | XOM: confuse monster(s)
  3114 | D:5      | Reached skill level 5 in Fighting
  3131 | D:5      | XOM: give mutations
  3131 | D:5      | Gained mutation: You are dopey. (Int -2) [Xom's mischief]
  3131 | D:5      | Gained mutation: Your body sometimes deteriorates upon taking damage. [Xom's mischief]
  3131 | D:5      | Gained mutation: You are very dopey. (Int -4) [Xom's mischief]
  3420 | D:6      | Found Pedax's Book Shoppe.
  3426 | D:6      | Noticed HateBoner's ghost (novice DEFE)
  3429 | D:6      | XOM: 7-stop teleportation journey
  3516 | D:6      | XOM: enchant monster (bad)
  3524 | D:6      | Killed from afar by HateBoner's ghost

Action                   |  1- 3 |  4- 6 |  7- 9 || total
-------------------------+-------+-------+-------++-------
Melee: Flail             |   100 |   201 |    18 ||   319
       Whip              |       |       |   182 ||   182
  Use: Scroll            |       |       |     2 ||     2
  Eat: Chunk             |       |     1 |     3 ||     4
       Meat ration       |       |     1 |       ||     1
